 Dungeon Crawl Stone Soup version 0.24.0-7-gb3623d2c88 (webtiles) character file.

Game seed: 11582067600382861400, levelgen mode: deterministic

322 MisterOstroum the Skirmisher (level 6, 0/67 HPs)
             Began as an Ogre Berserker on Nov 2, 2019.
             Was a Believer of Trog.
             Slain by a sky beast (5 damage)
             ... on level 5 of the Dungeon.
             The game lasted 00:05:57 (4546 turns).

MisterOstroum the Skirmisher (Ogre Berserker)       Turns: 4546, Time: 00:05:58

Health: 0/67       AC:  4    Str: 23    XL:     6   Next: 47%
Magic:  6/6        EV: 10    Int:  8    God:    Trog [**....]
Gold:   94         SH:  0    Dex:  9    Spells: 5/5 levels left

rFire    . . .     SeeInvis .   a - +2 flail (crush)
rCold    + . .     Gourm    .   (no shield)
rNeg     . . .     Faith    .   v - +1 robe "Enuxubet" {rC+} (curse)
rPois    .         Spirit   .   (helmet restricted)
rElec    .         Reflect  .   (no cloak)
rCorr    .         Harm     .   (gloves unavailable)
MR       .....                  (boots unavailable)
Stlth    +.........             (no amulet)
HPRegen  0.21/turn              (no ring)
MPRegen  0.10/turn              (no ring)

@: berserk cooldown, slowed, lightly drained, very slow
A: large, unfitting armour, tough skin 1
a: Berserk, Trog's Hand, Renounce Religion


You were on level 5 of the Dungeon.
You worshipped Trog.
Trog was pleased with you.
You were not hungry.

You visited 1 branch of the dungeon, and saw 5 of its levels.

You collected 250 gold pieces.
You spent 156 gold pieces at shops.

Inventory:

Hand Weapons
 a - a +2 flail of crushing (weapon)
 m - a +1 dagger of electrocution
 r - a +0 mace
Missiles
 i - 6 atropa-tipped darts (quivered)
 s - a throwing net {!f}
Armour
 b - a +0 animal skin
 v - the cursed +1 robe "Enuxubet" (worn) {rC+}
   (You found it on level 4 of the Dungeon)

   It protects you from cold.
   It has a curse placed upon it.
Wands
 q - a wand of polymorph (4)
 t - a wand of iceblast (10)
Scrolls
 d - a scroll of noise {unknown}
 g - a scroll of amnesia {unknown}
 h - a scroll of magic mapping {unknown}
 n - 2 scrolls of identify {unknown}
 p - a scroll of teleportation {unknown}
 y - a scroll of remove curse {unknown}
 z - a scroll of enchant armour {unknown}
 A - a scroll of enchant weapon {unknown}
Potions
 c - a potion of berserk rage {unknown}
 f - 2 potions of flight {unknown}
 j - 2 potions of haste {unknown}
 k - a potion of heal wounds {@q2 !q}
 l - 3 potions of resistance {unknown}
 o - a potion of curing {unknown}
 u - a potion of lignification {unknown}
 x - a potion of degeneration {unknown}
Comestibles
 e - 7 rations


   Skills:
 + Level 6.2 Fighting
 * Level 5.4 Maces & Flails
 - Level 2.6 Dodging


You had 5 spell levels left.
You didn't know any spells.
Your spell library was empty.

Dungeon Overview and Level Annotations

Branches:
Dungeon (5/15)
 Temple: D:4-7

Altars:
Cheibriados
Gozag
Nemelex Xobeh
Qazlal
Sif Muna
Trog

Shops:
D:4 %(%((


Innate Abilities, Weirdness & Mutations

You are too large for most types of armour.
You have tough skin. (AC +1)


Message History

The shadow imp closely misses you.
You sock the shadow imp!
You kill the shadow imp!
Trog accepts your kill.
Found Soykkag's Antique Weapon Shoppe.
You are feeling hungry.
There is an entrance to Soykkag's Antique Weapon Shoppe here.
You can access your shopping list by pressing '$'.
Unknown command.
You now have 94 gold pieces (gained 14).
You are feeling very hungry.
You see here a dagger.
There is a stormy altar of Qazlal here.
There is a snail-covered altar of Cheibriados here.
Done exploring.
Done exploring.
Done exploring.
(D) Dungeon
Where to? (Enter - D:4, ? - help)
There is a stone staircase leading down here.
You climb downwards.
There is a stone staircase leading up here.
Found a stone staircase leading down.
Unknown command.
Found an escape hatch in the floor.
Found a stone staircase leading down.
A quokka skeleton comes into view.
There is a stone staircase leading down here.
A quokka skeleton is nearby!
You barely miss the quokka skeleton. The quokka skeleton closely misses you.
The quokka skeleton bites you but does no damage.
You sock the quokka skeleton!
You destroy the quokka skeleton!
Trog accepts your kill.
No target in view!
No target in view!
A sky beast comes into view.
Found 21 stones.
A sky beast is nearby!
A sky beast is nearby!
A leopard gecko comes into view.
The leopard gecko hisses angrily.
Found 27 stones.
A red film seems to cover your vision as you go berserk!
You feel yourself moving faster!
You feel mighty!
You are starving!
You barely miss the sky beast. The sky beast closely misses you.
You hit the sky beast.
The sky beast is moderately wounded.
You barely miss the sky beast.
The sky beast is moderately wounded.
The sky beast hits you but does no damage.
You hit the sky beast.
The sky beast is moderately wounded.
The sky beast hits you. The sky beast shocks you. The leopard gecko bites you.
You barely miss the sky beast.
The sky beast is moderately wounded.
The leopard gecko misses you. The sky beast closely misses you.
You eat one of the 8 rations.
That ration really hit the spot!
The leopard gecko bites you.
You barely miss the sky beast.
The sky beast is moderately wounded.
The sky beast hits you but does no damage.
The leopard gecko bites you but does no damage.
The sky beast closely misses you.
You miss the leopard gecko. The leopard gecko barely misses you.
The sky beast flickers out of sight!
Deactivating autopickup; reactivate with Ctrl-A.
Something hits you but does no damage.
You barely miss the leopard gecko. The leopard gecko closely misses you.
Something hits you but does no damage.
You hit the leopard gecko.
The leopard gecko is severely wounded.
You are no longer berserk.
You are exhausted.
You feel yourself slow down. The leopard gecko bites you.
You hit the leopard gecko.
You kill the leopard gecko!
Trog accepts your kill. Something hits you. Something shocks you.
Something hits you. Something shocks you.
You closely miss something. Something hits you. Something shocks you.
Something hits you. Something shocks you.
You miss something. Something hits you. Something shocks you.
* * * LOW HITPOINT WARNING * * *
Something hits you.
* * * LOW HITPOINT WARNING * * *
Something shocks you.
* * * LOW HITPOINT WARNING * * *
You completely miss something. Something hits you but does no damage.
You sock something!
Something hits you but does no damage. x2
You closely miss something. Something hits you.
* * * LOW HITPOINT WARNING * * *
Something shocks you.
* * * LOW HITPOINT WARNING * * *
A sky beast appears from thin air!
Reactivating autopickup.
The sky beast hits you.
* * * LOW HITPOINT WARNING * * *
The sky beast shocks you.
You die...

. . #### .. ..
..# #.##.####.#
....>..#.####
#.##....>.##
#####.>........##
.8....#†@.......#
⌠......Y#######.#
.8......# #.#
⌠.......# #.#
.8......# #<#
........# #.#
.....(..# #.#
..(.....# #.#
#######.. ..#


You could see a sky beast.

Vanquished Creatures
  A jelly (D:4)
  An orc wizard (D:4)
  Natasha (thrice) (D:2)
  An iguana (D:4)
  A worker ant (D:2)
  3 gnolls (D:3)
  3 adders
  A shadow imp (D:4)
  2 worms
  2 dart slugs
  3 leopard geckos
  An orc (D:4)
  A ball python (D:1)
  6 bats
  2 giant cockroaches
  9 goblins
  5 hobgoblins
  6 jackals
  4 kobolds (D:1)
  4 quokkas
  6 frilled lizards
  A quokka skeleton (D:5)
  7 rats
73 creatures vanquished.

Notes
Turn   | Place    | Note
-------+----------+-------------------------------------------
     0 | D:1      | MisterOstroum the Ogre Berserker began the quest for the
                  | Orb.
     0 | D:1      | Reached XP level 1. HP: 24/24 MP: 1/1
   252 | D:1      | Reached XP level 2. HP: 33/33 MP: 2/2
  1071 | D:1      | Reached XP level 3. HP: 39/40 MP: 3/3
  1898 | D:2      | Noticed Natasha
  1914 | D:2      | Killed Natasha
  1914 | D:2      | Reached skill level 5 in Fighting
  1914 | D:2      | Reached XP level 4. HP: 50/50 MP: 4/4
  2267 | D:2      | Noticed Natasha
  2274 | D:2      | Killed Natasha
  2274 | D:2      | Reached ** piety under Trog
  2274 | D:2      | Reached XP level 5. HP: 57/57 MP: 5/5
  2363 | D:2      | Noticed Natasha
  2375 | D:2      | Killed Natasha
  3366 | D:3      | Reached skill level 5 in Maces & Flails
  3539 | D:3      | Found a sparkling altar of Nemelex Xobeh.
  3579 | D:4      | Found Konil's Antique Weapon Boutique.
  3582 | D:4      | Reached skill level 6 in Fighting
  3582 | D:4      | Reached XP level 6. HP: 55/67 MP: 6/6
  3773 | D:4      | Bought a glowing flail for 156 gold pieces
  3787 | D:4      | Got a tattered robe
  3798 | D:4      | Identified the cursed +1 robe "Enuxubet" {rC+} (You found
                  | it on level 4 of the Dungeon)
  3837 | D:4      | Found Beisinia's Antique Weapon Shop.
  4010 | D:4      | Found an opulent altar of Gozag.
  4010 | D:4      | Found a snail-covered altar of Cheibriados.
  4010 | D:4      | Found a bloodstained altar of Trog.
  4010 | D:4      | Found a stormy altar of Qazlal.
  4045 | D:4      | Found Tuhodu's Food Shoppe.
  4125 | D:4      | Found a shimmering blue altar of Sif Muna.
  4157 | D:4      | Found Mihux's Food Boutique.
  4199 | D:4      | Found Soykkag's Antique Weapon Shoppe.
  4513 | D:5      | Entered Level 5 of the Dungeon
  4525 | D:5      | Noticed a sky beast
  4546 | D:5      | Slain by a sky beast

Levels and vault maps discovered:
D:1:      lemuel_arrival_behind_the_door_large, layout_basic,
          chequers_serial_rivers_large_a
D:2:      wad_lake_hut, layout_loops_cross, chequers_ecumenical_altar_simple,
          serial_forest, infiniplex_forest_lined_room_,
          infiniplex_forest_clump_cross, infiniplex_forest_end_2,
          infiniplex_forest_clump_long, infiniplex_forest_lined_corner,
          infiniplex_forest_lined_3_way, infiniplex_forest_clump_C,
          infiniplex_forest_straight_1, infiniplex_forest_clump_small,
          uniq_natasha
D:3:      layout_rooms, lemuel_round_altar, serial_corexii_hall,
          corexii_hall_statues_i, corexii_hall_statues_l
D:4:      minmay_spotlight, layout_rooms,
          chequers_temple_overflow_statue_of_worship,
          nicolae_overflow_hidden_temple, serial_shops, shop,
          kennysheep_mini_moat, nicolae_shop_stone, shop,
          nicolae_shop_temple_entry_statues_fountains, first_ration
D:5:      layout_loops_cross, old_standard_altar, old_standard_altar,
          serial_shops, nicolae_shop_temple_entry_statues_fountains,
          corexii_hall_statues_l, trog_book, uniq_sigmund

Skill      XL: |  1  2  3  4  5 |
---------------+----------------+-----
Maces & Flails | 3 4 5 |  5.4
Fighting       | 5 6 |  6.2
Dodging        | |  2.6

Action                   |  1- 3 |  4- 6 || total
-------------------------+-------+-------++-------
Melee: Mace              |   107 |    90 ||   197
       Unarmed           |       |     3 ||     3
       Flail             |       |    39 ||    39
Throw: Dart              |     4 |     3 ||     7
Invok: Berserk           |     2 |     5 ||     7
       Trog's Hand       |       |     1 ||     1
 Stab: Invisible         |     1 |       ||     1
  Eat: Chunk             |     4 |    12 ||    16
       Ration            |       |     1 ||     1
Armor: Animal skin       |    29 |    19 ||    48
       Robe              |       |    12 ||    12
Dodge: Dodged            |    61 |    60 ||   121
